Cogmind - Beta 16 --- EXPLORER MODE // 2025.11.20 @ 13:16:07 Player: K.K.Y. Result: Destroyed by NS-QLZ(R) with Subdweller Machine Gun Performance ------------- Evolutions (0) 0 Regions Visited (3) 600 Robots Destroyed (21) 105 Value Destroyed (650) 650 Prototype IDs (0) 0 Alien Tech Used (0) 0 Bonus (0) 0 TOTAL SCORE: 1355 Bonus ------- None Cogmind --------- Core Integrity 0/250 Matter 300/300 Energy 64/100 System Corruption 0% Temperature Cool (6) Movement Core (300) Ox5 Location -10/Subcaves Parts ------- > --- POWER (1) -------- (None) > --- PROPULSION (2) --- (None) > --- UTILITY (3) ------ Medium Storage Unit Structural Scanner Transport Network Coupler > --- WEAPON (2) ------- Medium Laser Beam Cannon > --- INVENTORY (10) --- Cooling System Small Storage Unit High-capacity Storage Unit Light Armor Plating Light Armor Plating Reactive Plating Pulse Rifle Mining Laser Peak State ------------ > --- POWER ------------ Ion Engine > --- PROPULSION ------- Light Treads Light Treads > --- UTILITY ---------- Medium Storage Unit Structural Scanner Transport Network Coupler > --- WEAPON ----------- Medium Laser Medium Laser > --- INVENTORY -------- Cooling System Small Storage Unit High-capacity Storage Unit Light Armor Plating Light Armor Plating Pulse Rifle Beam Cannon Mining Laser [Rating: 9] Favorites ----------- Power Ion Engine Engine Ion Engine Propulsion Light Treads Treads Light Treads Utility Medium Storage Unit Device Structural Scanner Storage Medium Storage Unit Processor Transport Network Coupler Weapon Medium Laser Energy Gun Medium Laser Energy Cannon Beam Cannon Build | -11 -10 -10 -10 ------- Run | Yrd Mat Min Sub Slots Evolved 1 | . 1 . . Power . | . . . . Propulsion . | . . . . Utility 1 | . 1 . . Weapon . | . . . . Parts Attached 14 | 6 7 . 1 Power 2 | 1 1 . . Engine 2 | 1 1 . . Core . | . . . . Reactor . | . . . . Propulsion 4 | 2 2 . . Treads 4 | 2 2 . . Leg . | . . . . Wheel . | . . . . Hover . | . . . . Flight . | . . . . Utility 3 | 1 2 . . Device 1 | . 1 . . Storage 1 | 1 . . . Processor 1 | . 1 . . Hackware . | . . . . Protection . | . . . . Artifact . | . . . . Weapon 5 | 2 2 . 1 Energy Gun 4 | 2 2 . . Energy Cannon 1 | . . . 1 Ballistic Gun . | . . . . Ballistic Cannon . | . . . . Launcher . | . . . . Special Weapon . | . . . . Impact Weapon . | . . . . Slashing Weapon . | . . . . Piercing Weapon . | . . . . Special Melee Weapon . | . . . . Unidentified Prototypes . | . . . . Parts Lost 5 | . 1 . 4 Power 1 | . . . 1 Propulsion 2 | . . . 2 Utility . | . . . . Weapon 2 | . 1 . 1 Highest Loss Streak 3 | . 1 . 3 To Critical Strikes 1 | . . . 1 Average Backups 7 | 1 4 8 8 Power . | . . . . Propulsion . | . . . . Utility 4 | . 3 5 6 Weapon 2 | . 1 2 2 Tool/Special . | . . . . Unused Backups 8 | . . . 8 Power . | . . . . Propulsion . | . . . . Utility 6 | . . . 6 Weapon 2 | . . . 2 Tool/Special . | . . . . Average Slot Usage (%) 93 | . 81 100 99 Engine 11 | . 12 12 11 Treads 25 | . 25 25 25 Device 9 | . 5 12 12 Storage 12 | . 12 12 12 Processor 10 | . 7 12 12 Energy Gun 21 | . 17 25 20 Peak Build Rating 9 | 6 8 9 9 Average Rating 7 | 3 6 8 8 On Entrance 5 | . 6 8 9 Avg Prop Armor Cover (%) . | . . . . Naked Turns . | . . . . Heaviest Build 21 | 19 20 20 21 Greatest Support 40 | 40 40 40 40 Greatest Overweight (x) 3 | 3 . . . Average Overweight (x) . | . . . . Largest Inventory Capacity 10 | 10 10 10 10 Average Capacity 9 | 8 10 10 10 Most Carried 10 | 5 10 9 9 Average Carried 7 | 1 4 8 8 Final Capacity 10 | 10 10 10 10 Final Carried 9 | . 7 9 8 Class Distribution -------------------- 100% | Hacker-Mutant Dominant Class ---------------- Hacker-Mutant | -10/Materials Hacker-Mutant | -10/Mines Hacker-Mutant | -10/Subcaves Resources | -11 -10 -10 -10 ----------- Run | Yrd Mat Min Sub Matter Collected 340 | 235 95 . 10 Remotely . | . . . . Salvage Created 877 | . 612 216 49 Parts 38 | . 24 10 4 Haulers Intercepted 2 | . 2 . . Recyclers Shooed . | . . . . Parts Field Recycled . | . . . . Retrieved Matter . | . . . . Parts Self-Destructed . | . . . . Prevented . | . . . . Parts Restored . | . . . . Kills | -11 -10 -10 -10 ------- Run | Yrd Mat Min Sub Combat Hostiles Destroyed 17 | . 11 5 1 Guns 15 | . 10 4 1 AOE 1 | . 1 . . Classes Destroyed 5 | . 4 . 1 Hauler 2 | . 2 . . Watcher 2 | . 2 . . Swarmer 2 | . 2 . . Grunt 14 | . 9 5 . Subdweller 1 | . . . 1 Best Kill Streak 5 | . 5 2 1 Combat Bots Only 5 | . 5 2 1 Max Kills in Single Turn 1 | . 1 1 1 Gunslinging . | . . . . Exploded 1 | . 1 . . Melee . | . . . . Uniques/NPCs Destroyed . | . . . . Combat | -11 -10 -10 -10 -------- Run | Yrd Mat Min Sub Hostile Shots Fired 135 | . 74 25 36 Missed 28 | . 16 7 5 Hits 107 | . 58 18 31 Projectile 107 | . 58 18 31 Critical Strikes 1 | . . . 1 Damage Taken 1057 | . 495 165 397 Core 262 | . 103 29 130 Absorbed by Shields . | . . . . Ignored by Resistances 646 | . 310 100 236 Core Remaining (%) 100 | 100 . . . Volleys Fired 83 | . 52 17 14 Largest 2 | . 2 2 2 Hottest 110 | . 100 100 110 Shots Fired 126 | . 73 27 26 Gun 118 | . 73 27 18 Cannon 8 | . . . 8 Launcher . | . . . . Special . | . . . . Kinetic . | . . . . Thermal 106 | . 53 27 26 Explosive . | . . . . Electromagnetic 20 | . 20 . . Robot Hit Streak 31 | . 26 31 14 Robot Miss Streak 1 | . 1 1 1 Penetration Max . | . . . . Secondary Targets 1 | . 1 . . Max Gunslinging Chain 1 | . 1 . . Shots Hit Robots 116 | . 68 25 23 Core Hits 40 | . 27 10 3 Critical Kills . | . . . . Critical Parts Destroyed . | . . . . Critical Strikes 9 | . 4 3 2 Burn 9 | . 4 3 2 Melee Attacks . | . . . . Impact . | . . . . Slashing . | . . . . Piercing . | . . . . Sneak Attacks . | . . . . Combat Hostiles . | . . . . Follow-up Attacks . | . . . . Damage Inflicted 1416 | . 897 333 186 Guns 1324 | . 852 321 151 Cannons 35 | . . . 35 Explosions 45 | . 45 . . Melee . | . . . . Ramming 12 | . . 12 . Kinetic . | . . . . Thermal 1141 | . 634 321 186 Explosive . | . . . . Electromagnetic 263 | . 263 . . Impact . | . . . . Slashing . | . . . . Piercing . | . . . . Highest Corruption . | . . . . Average Corruption . | . . . . Corruption Purged . | . . . . Corruption Blocked . | . . . . Overload Shots . | . . . . Overflow Damage . | . . . . Projectiles . | . . . . Explosions . | . . . . Melee . | . . . . Knockbacks . | . . . . Impact . | . . . . Kinetic . | . . . . Secondary . | . . . . Self-Inflicted Damage 26 | . 26 . . Shots 1 | . 1 . . Rammed 7 | . . 7 . Targets Rammed 7 | . . 7 . Kicked . | . . . . Crushed . | . . . . Highest Temperature 423 | . 423 295 2 Average Temperature 120 | . 123 117 2 Received Heat Transfer 522 | . 321 147 54 Effects 5 | . 3 2 . Shutdowns 2 | . 2 . . Energy Bleed 1 | . 1 . . Interference 2 | . . 2 . Siege Activations . | . . . . Martial Activations . | . . . . Shielding Activations . | . . . . Robots Disrupted . | . . . . Combat Hostiles . | . . . . Robots Corrupted . | . . . . Combat Hostiles . | . . . . Parts Fried 1 | . 1 . . Impact Corruptions . | . . . . Robots Melted 1 | . . 1 . Combat Hostiles 1 | . . 1 . Parts Melted 12 | . 8 3 1 Heat Transferred 3985 | . 2135 1184 666 Parts Sabotaged . | . . . . Parts Stolen . | . . . . Parts Stripped . | . . . . Power Chain Reactions 1 | . 1 . . Alert | -11 -10 -10 -10 ------- Run | Yrd Mat Min Sub Maximum Alert Level . | . . . . Low Security (%) 100 | 100 100 100 . Level 1 . | . . . . Level 2 . | . . . . Level 3 . | . . . . Level 4 . | . . . . Level 5 . | . . . . High Security . | . . . . Max Security . | . . . . Peak Influence 115 | . 115 50 . Initial . | . . . . Average 8 | . 15 2 . Influence Increases 435 | . 305 130 . Destroy 0b10 Robot/C 320 | . 220 100 . Destroy 0b10 Robot/NC 20 | . 20 . . Destroy Leader 78 | . 48 30 . Successful Hack 12 | . 12 . . Destroy Structure 5 | . 5 . . Influence Decreases 435 | . 305 130 . Time Decay 425 | . 295 130 . Lost Part 10 | . 10 . . Squads Dispatched 1 | . . 1 . Investigation 1 | . . 1 . Extermination . | . . . . Reinforcement . | . . . . Assault . | . . . . Garrison . | . . . . Intercept . | . . . . Searches Triggered . | . . . . Construction Impeded . | . . . . Haulers Reinforced . | . . . . Active Scanning Responses . | . . . . Cargo Convoy Interrupts . | . . . . Stealth | -11 -10 -10 -10 --------- Run | Yrd Mat Min Sub Distress Signals 1 | . 1 . . Communications Jammed . | . . . . Distress Signals . | . . . . Times Spotted 25 | . 16 5 4 Peak Tracking Total 5 | . 5 2 3 Tactical Retreats . | . . . . Traps | -11 -10 -10 -10 ------- Run | Yrd Mat Min Sub Traps Triggered 2 | . 2 . . Indirectly . | . . . . Trap Hack Attempts . | . . . . Triggered . | . . . . Disarmed . | . . . . Reprogrammed 1 | . 1 . . Reused . | . . . . Traps Extracted . | . . . . Installed . | . . . . Triggered . | . . . . Machines | -11 -10 -10 -10 ---------- Run | Yrd Mat Min Sub Machines Disabled . | . . . . Max in Single Turn . | . . . . Machines Repaired . | . . . . Machines Dismantled . | . . . . Machines Sabotaged . | . . . . Overloaded Fab Kills . | . . . . Hacking | -11 -10 -10 -10 --------- Run | Yrd Mat Min Sub Machines Accessed 4 | . 3 1 . Terminals 3 | . 3 . . Fabricators . | . . . . Repair Stations . | . . . . Recycling Units . | . . . . Scanalyzers . | . . . . Garrison Access . | . . . . Total Hacks 11 | . 10 1 . Successful 6 | . 5 1 . Failed 5 | . 5 . . Catastrophic . | . . . . Database Lockouts . | . . . . Manual . | . . . . Terminals 10 | . 10 . . Fabricators . | . . . . Repair Stations . | . . . . Recycling Units . | . . . . Scanalyzers . | . . . . Garrison Access . | . . . . Terminal Hacks 6 | . 5 1 . Open Door 1 | . . 1 . Branch Access Points 1 | . 1 . . Reprogram Traps 1 | . 1 . . Hauler Manifests 1 | . 1 . . Registered Prototypes 1 | . 1 . . Zone Layout 1 | . 1 . . Fabricator Hacks . | . . . . Repair Station Hacks . | . . . . Recycling Unit Hacks . | . . . . Scanalyzer . | . . . . Garrison Access Hacks . | . . . . Unauthorized Hacks . | . . . . Terminals . | . . . . Fabricators . | . . . . Repair Stations . | . . . . Recycling Units . | . . . . Scanalyzers . | . . . . Garrison Access . | . . . . Data Cores Recovered . | . . . . Used . | . . . . Hacking Detections 2 | . 2 . . Full Trace Events . | . . . . Feedback Events . | . . . . Feedback Blocked . | . . . . Robot Schematics Acquired . | . . . . Robots Built . | . . . . Authchips . | . . . . Time . | . . . . Total Robot Build Rating . | . . . . Part Schematics Acquired . | . . . . Parts Built . | . . . . Authchips . | . . . . Time . | . . . . Total Part Build Rating . | . . . . Part Studies Acquired . | . . . . Parts Repaired . | . . . . Time . | . . . . Parts Recycled . | . . . . Recycled Matter . | . . . . Retrieved Matter . | . . . . Retrieved Components . | . . . . Parts Scanalyzed . | . . . . Part Schematics Acquired . | . . . . Parts Damaged . | . . . . Bothacking | -11 -10 -10 -10 ------------ Run | Yrd Mat Min Sub Used RIF Installer . | . . . . Robots Hacked . | . . . . Non-combat . | . . . . Combat . | . . . . Robot Hacks Applied . | . . . . Relay Couplers Released . | . . . . Fabnet Peak Effective % . | . . . . Robots Rewired . | . . . . Allies Hacked . | . . . . Hacks Repelled . | . . . . Allies | -11 -10 -10 -10 -------- Run | Yrd Mat Min Sub Total Allies . | . . . . Largest Group . | . . . . Highest-Rated Group . | . . . . Highest-Rated Ally . | . . . . Total Orders . | . . . . Ally Attacks . | . . . . Total Damage . | . . . . Kills . | . . . . Allies Corrupted . | . . . . Allies Melted . | . . . . Intel | -11 -10 -10 -10 ------- Run | Yrd Mat Min Sub Active Infowar (turns) 2428 | . 661 1352 415 Structural 2274 | . 507 1352 415 T.N.C. 2428 | . 661 1352 415 Robot Analysis Total . | . . . . Derelict Logs Recovered . | . . . . Drone Launches . | . . . . Drone Recoveries . | . . . . Exploration | -11 -10 -10 -10 ------------- Run | Yrd Mat Min Sub Turns Passed 2845 | 53 1025 1352 415 Spaces Moved 1375 | 41 529 630 175 Core 22 | 22 . . . Treads 1353 | 19 529 630 175 Legs . | . . . . Wheels . | . . . . Hover . | . . . . Flight . | . . . . Fastest Speed 50 | 50 160 160 160 Average Speed 158 | 104 160 160 160 Slowest Speed 200 | 200 160 160 160 Overloaded Moves . | . . . . Propulsion Burnouts . | . . . . Robots Hopped . | . . . . Potential Cave-ins . | . . . . Cave-ins Triggered . | . . . . Exploration Rate (%) 52 | 4 81 101 23 Regions Visited 3 Branch Regions 2 Pre-discovered Areas . | . . . . Known Exits Taken 3 | 1 1 1 . Unknown Exits Taken . | . . . . Scrap Searched 1 | . . 1 . Spaces Dug . | . . . . Terrain Destroyed 5 | . 5 . . Melee . | . . . . Projectile . | . . . . AOE 5 | . 5 . . Terrain Rammed . | . . . . Walls Destroyed . | . . . . Machines Disabled . | . . . . Actions | -11 -10 -10 -10 --------- Run | Yrd Mat Min Sub Total 1913 | 51 635 943 284 Wait 412 | . 30 288 94 Move 1372 | 40 528 629 175 Hop . | . . . . Pick Up 21 | 5 14 2 . Fast Attach 1 | 1 . . . Attach 9 | 5 3 . 1 Detach . | . . . . Swap 4 | . 4 . . Drop 4 | . 4 . . Fire 83 | . 52 17 14 Melee . | . . . . Ram . | . . . . Kick . | . . . . Crush 7 | . . 7 . Escape Stasis . | . . . . Rewire . | . . . . Trap . | . . . . Miscellaneous . | . . . . Route ------- -11/Scrapyard -10/Materials (discovered 5 exits: *Mat x3 / *Min x2) -10/Mines (discovered 3 exits: *Mat x2 / *Sub) -10/Subcaves History --------- Turn | Location | Event 6 | -11/Scrapyard | Identified exit to Materials 6 | -11/Scrapyard | Discovered exit to Materials (range 15) 54 | -11/Scrapyard | Entered Materials 54 | -10/Materials | Evolved 1 slot: Utility x1 302 | -10/Materials | Build established: Hacker-Mutant 411 | -10/Materials | Identified exit to Mines 411 | -10/Materials | Discovered exit to Mines (range 15) 586 | -10/Materials | Identified exit to Materials 586 | -10/Materials | Discovered exit to Materials (range 12) 750 | -10/Materials | Discovered exit to Materials (range 11) 988 | -10/Materials | Discovered exit to Materials (range 14) 1079 | -10/Materials | Entered Mines 1284 | -10/Mines | Met a Derelict shopkeep closing up shop 1431 | -10/Mines | Discovered exit to Materials (range 11) 2123 | -10/Mines | Discovered exit to Materials (range 7) 2278 | -10/Mines | Core integrity fell below 50% 2423 | -10/Mines | Identified exit to Subcaves 2423 | -10/Mines | Discovered exit to Subcaves (range 6) 2431 | -10/Mines | Entered Subcaves 2432 | -10/Subcaves | Approached by a straggling Scientist 2821 | -10/Subcaves | A Subdweller sparked back to life 2821 | -10/Subcaves | A Subdweller sparked back to life 2821 | -10/Subcaves | A Subdweller sparked back to life 2825 | -10/Subcaves | Core integrity fell below 20% 2846 | -10/Subcaves | Destroyed by NS-QLZ(R) with Subdweller Machine Gun Last Messages --------------- 02694_ Sub. Machine Gun melted. 02694_ PL-8Z6(R) destroyed. 02697_ Acquired 10 matter. 02728_ Subatomizers dissect the Sub. Optics. 39-7SA(c): "I think it's somewhere west of here" 02821_ EE-UBK(R) creaks and sparks as it begins to move. 02821_ T5-5A3(R) creaks and sparks as it begins to move. 02821_ NS-QLZ(R) creaks and sparks as it begins to move. 02829_ Ion Engine destroyed. 39-7SA(c): "I think it's somewhere west of here" 02839_ W8-XIF(z): "She is not going to be happy we haven't found any suitable candidates yet." 02840_ EE-UBK(R) affixes Scrap Shield Fragment to Scrap Shield. 02842_ Critical hit (Destroy). 02842_ Lgt. Treads destroyed. Map ----- +----------------------------------------------------+ | ##???????????????????????????????????????? | | ##???????????????????????????????????????? | | ###???????????????????????????????????????? | | #######???????????????????????????????????? | | ##############????????????????????????????? | | ## ##########???????????????????????????? | | # ##???????????????????????????? | | ???????????????????????????? | | ???????????????????????????? | | ##???????????????????????????? | | ##???????????????????????????? | | ## ###??????????????????????????? | | ## ## #### ???????????????????????? | | ##### #### ??????????????????????? | | ##?## ## ?????????????????????? | | ##### ##########??????????????? | | # ##### #########??????????????? | | # ### # # # ##??????????????? | | ## ###??????????????? | | ## ##### #### ##???????????????? | | # ################# ##???????????????? | | ########?######### ##???????????????? | | #####????????????### ###??????????????? | | #####?????????????## c####?????????????? | | ###???????????????### ###?????????????? | | ##????????????????### @R#####??????????? | | ##????????????????## RR ##??????????? | | ##??????????????? <#??????????? | | # ##????????? ## < ##??????????? | | ### ????????? # # # < ##??????????? | | ## ????????? ######## # < ##??????????? | | ???????????????######### #######??????????? | | ????????????????????### ######??????????? | | ??????????????????????? #???????????????? | | ??????????????????????? ##???????????????? | | ????????????????????? ##???????????????? | | ????????????????????? #####???????????????? | | ????????????????????? #####???????????????? | | ??????????????????????????????????????????? | | ??????????????????????????????????????????? | | ??????????????????????????????????????????? | | ??????????????????????????????????????????? | | ??????????????????????????????????????????? | | ??????????????????????????????????????????? | | ??????????????????????????????????????????? | | ??????????????????????????????????????????? | | ??????????????????????????????????????????? | | ??????????????????????????????????????????? | | ??????????????????????????????????????????? | | ??????????????????????????????????????????? | +----------------------------------------------------+ Best States ------------- Heat Dissipation 25 Energy Generation 10 Energy Capacity 250 Matter Stores 300 Matter Capacity 300 Sight Range 16 Terrain Scan Density 10 Resistance: KI 35 Resistance: TH 35 Resistance: EX 35 Resistance: EM 35 Resistance: I 35 Resistance: S 35 Resistance: P 35 Evasion (%) 50 Recoil Reduction 2 Offensive Hacking 20 Item Schematics ----------------- None Robot Schematics ------------------ None Fabricated ------------ Nothing Repaired ---------- Nothing Studied --------- None Alien Tech Used ----------------- None Achievements -------------- None Challenges ------------ None Game ------ Seed UtilitySupersonicRifle Manual? 0 Play Time 00:11:01 Cumulative 123.5 hours Start 2025.11.20 @ 13:06:12 End 2025.11.20 @ 13:16:07 Sessions 1 Manual Loads 0 Difficulty Explorer Special Mode None Game No. 140 Rogue 0 Adventurer 0 Explorer 140 Win Type - Total 0 Types 0/0/0/0/0/0/0/0/0/0 Lore% 65 Gallery% 65 Achievement% 49 Wizard Run 0 Options --------- Layout 1 ASCII 0 Keyboard 0 Movement Mouse Keybinds 0 Fullscreen 1 Font 24/Smallcaps Map View 50x35 Zoom Use 0% Tactical HUD 1 Map Filters NONE Filters NONE Steam 1 RUN: 537a9f4a-52fb-4375-a3a9-e5279c4c9a4e